 Dungeon Crawl Stone Soup version 0.25-a0-835-gb37b1c2 (webtiles) character file.

Game seed: 8939509519263566844, levelgen mode: deterministic

5037 Faca the Thaumaturge (level 10, 0/79 HPs)
             Began as a Mummy Necromancer on Apr 23, 2020.
             Was a Believer of Kikubaaqudgha.
             Slain by a killer bee (5 damage)
             ... on level 10 of the Dungeon.
             The game lasted 00:34:21 (13224 turns).

Faca the Thaumaturge (Mummy Necromancer)           Turns: 13224, Time: 00:34:22

Health: 0/79       AC:  6    Str: 11    XL:     10   Next: 30%
Magic:  18/24      EV: 12    Int: 26    God:    Kikubaaqudgha [**....]
Gold:   436        SH:  0    Dex: 13    Spells: 20/29 levels left

rFire    + . .     SeeInvis .   a - +11 quarterstaff "For Icappai" {vamp, rF++ Int+3}
rCold    + . .     Gourm    .   (shield currently unavailable)
rNeg     + + +     Faith    .   h - +2 robe {MR+}
rPois    ∞         Spirit   .   j - +1 hat
rElec    .         Reflect  .   p - +0 cloak
rCorr    .         Harm     .   (no gloves)
MR       ++...                  (no boots)
Stlth    ++........             i - amulet of magic regeneration
HPRegen  0.23/turn              d - +5 ring of intelligence
MPRegen  0.44/turn              (no ring)

@: no status effects
A: no food or potions, fire vulnerability, cold resistance 1, negative energy
resistance 3, torment resistance, unbreathing
a: Receive Corpses, Renounce Religion


You were on level 10 of the Dungeon.
You worshipped Kikubaaqudgha.
Kikubaaqudgha was pleased with you.
You were not hungry.

You visited 2 branches of the dungeon, and saw 11 of its levels.

You collected 533 gold pieces.
You spent 97 gold pieces at shops.

Inventory:

Hand Weapons
 a - the +11 quarterstaff "For Icappai" (weapon) {vamp, rF++ Int+3}
   (You found it on level 6 of the Dungeon)

   It inflicts no extra harm, but heals its wielder when it wounds a living foe.
   It affects your intelligence (+3).
   It greatly protects you from fire.
Missiles
 b - a throwing net (quivered)
Armour
 h - a +2 robe of magic resistance (worn)
 j - a +1 hat (worn)
 p - a +0 cloak (worn)
Jewellery
 d - a +5 ring of intelligence (left hand)
 i - an amulet of magic regeneration (around neck)
Wands
 k - a wand of iceblast (4)
 l - a wand of polymorph (7)
 q - a wand of flame (20)
Scrolls
 c - 4 scrolls of teleportation
 e - 2 scrolls of amnesia
 f - 6 scrolls of identify
 g - 3 scrolls of fog
 m - a scroll of remove curse
 n - a scroll of vulnerability
 o - a scroll of enchant armour


   Skills:
 + Level 7.5 Fighting
 + Level 5.2 Staves
 - Level 1.5 Dodging
 - Level 1.5 Stealth
 + Level 10.1 Spellcasting
 + Level 9.2 Necromancy


You had 20 spell levels left.
You knew the following spells:

 Your Spells              Type           Power        Failure   Level  Hunger
a - Pain                  Necr           ####         1%          1    N/A
b - Vampiric Draining     Necr           ######....   1%          3    N/A
c - Agony                 Necr           ######..     2%          5    N/A

Your spell library contained the following spells:

 Spells                   Type           Power        Failure   Level  Hunger
 Animate Skeleton         Necr           N/A          1%          1    N/A
 Corpse Rot               Necr/Air       N/A          1%          2    N/A
 Animate Dead             Necr           N/A          1%          4    N/A
 Apportation              Tloc           ##....       4%          1    N/A
 Corona                   Hex            ##.....      4%          1    N/A
 Shock                    Conj/Air       ##..         4%          1    N/A
 Sting                    Tmut/Pois      ##..         4%          1    N/A
 Summon Small Mammal      Summ           ##..         4%          1    N/A
 Poisonous Vapours        Pois/Air       ##....       7%          2    N/A
 Sticks to Snakes         Tmut           ##......     7%          2    N/A
 Swiftness                Chrm/Air       ##......     7%          2    N/A
 Conjure Flame            Conj/Fire      ##......     14%         3    N/A
 Ignite Poison            Fire/Tmut/Pois ##......     14%         3    N/A
 Mephitic Cloud           Conj/Pois/Air  ##......     14%         3    N/A
 Static Discharge         Conj/Air       ##......     14%         3    N/A
 Airstrike                Air            ##........   41%         4    N/A
 Olgreb's Toxic Radiance  Pois           ##......     41%         4    N/A
 Lightning Bolt           Conj/Air       ##........   77%         5    N/A
 Freezing Cloud           Conj/Ice/Air   ##........   100%        6    N/A
 Ring of Flames           Chrm/Fire      ##........   100%        7    N/A
 Beastly Appendage        Tmut           Unusable     N/A         1    N/A
 Spider Form              Tmut/Pois      Unusable     N/A         3    N/A
 Ice Form                 Ice/Tmut       Unusable     N/A         4    N/A
 Blade Hands              Tmut           Unusable     N/A         5    N/A

Dungeon Overview and Level Annotations

Branches:
Dungeon (10/15)            Temple (1/1) D:5
   Lair: D:8-11         Orc: D:9-12

Altars:
Ashenzari
Cheibriados
Dithmenos
Elyvilon
Fedhas
Gozag
Hepliaklqana
Kikubaaqudgha
Makhleb
Nemelex Xobeh
Okawaru
Qazlal
Ru
Sif Muna
Trog
Uskayaw
Vehumet
Wu Jian
Xom
Yredelemnul
Zin
The Shining One

Shops:
D:9 **


Innate Abilities, Weirdness & Mutations

You do not eat or drink.
Your flesh is vulnerable to fire.
You are immune to poison.
Your flesh is cold resistant. (rC+)
You are immune to negative energy. (rN+++)
You are immune to unholy pain and torment.
You can survive without breathing.


Message History

The killer bee is severely wounded.
You feel life coursing into your body.
The killer bee stings you but does no damage.
The killer bee barely misses you. The killer bee stings you.
* * * LOW HITPOINT WARNING * * *
The killer bee stings you.
* * * LOW HITPOINT WARNING * * *
Casting: Vampiric Draining (safe; 1% risk of failure)
Confirm with . or Enter, or press ? or * to list all spells.
Aiming: Vampiric Draining (safe; 1% risk of failure)
Press: ? - help, Shift-Dir - straight line, f/p - killer bee
Aim: a killer bee (severely wounded)
You kill the killer bee!
Kikubaaqudgha accepts your kill.
You feel life coursing into your body. The killer bee misses you.
The killer bee stings you.
* * * LOW HITPOINT WARNING * * *
The killer bee stings you.
You die...
Kikubaaqudgha rasps: "You have failed me!
Welcome... oblivion!"

#.. ####...## #.y
#.####......# ....
... .#..####..
..... ..# ...# ##.
.....# .. #..# ##
..!...# ##.# ##.# #
.......####..# #.#
# #..y##..# #.###
## ###y@.(#
##...####.
###.(#####.##.....#
###......######.##
.........(..# #.#
#........##.# #.#
##..#...###.# ###
#..#...# #..
##....## ##.#
#....# ..


You could see 2 killer bees.

Vanquished Creatures
  2 trolls (D:9)
  A hippogriff (D:10)
  Eustachio (D:6)
  2 hungry ghosts (D:9)
  Duvessa (D:7)
  2 ice beasts
  3 orc warriors
  2 sky beasts
  A phantom (D:9)
  An ogre (D:8)
  5 centaurs
  2 necrophages (D:7)
  2 big kobolds
  4 bullfrogs
  Dowan (D:7)
  A scorpion (D:5)
  A water moccasin skeleton (D:5)
  6 killer bees
  2 crimson imps
  2 bullfrog zombies
  A centaur zombie (D:4)
  6 hounds
  3 jellies
  A quasit (D:7)
  9 orc priests
  A bullfrog skeleton (D:4)
  3 centaur skeletons
  An iguana (D:4)
  10 worker ants
  12 orc wizards
  2 hound zombies
  2 worker ant zombies
  A howler monkey skeleton (D:5)
  4 gnolls (D:6)
  6 adders
  A shadow imp (D:6)
  An ooze (D:1)
  2 adder zombies
  2 worms
  2 dart slugs
  6 leopard geckos
  17 orcs
  4 ball pythons
  2 bats
  4 giant cockroaches
  3 goblins
  5 hobgoblins
  9 jackals
  9 kobolds
  3 quokkas
  3 frilled lizards
  A quokka skeleton (D:6)
  3 rats
181 creatures vanquished.

Notes
Turn   | Place    | Note
-------+----------+-------------------------------------------
     0 | D:1      | Faca the Mummy Necromancer began the quest for the Orb.
     0 | D:1      | Reached XP level 1. HP: 13/13 MP: 4/4
    39 | D:1      | Reached skill level 3 in Spellcasting
   302 | D:1      | Reached XP level 2. HP: 19/19 MP: 3/6
  1379 | D:2      | Reached XP level 3. HP: 22/24 MP: 6/8
  1609 | D:2      | Reached skill level 4 in Spellcasting
  1635 | D:2      | Found an iron altar of Okawaru.
  1656 | D:2      | Reached XP level 4. HP: 28/30 MP: 10/10
  1991 | D:2      | Found an ornate altar of the Wu Jian Council.
  2152 | D:3      | Reached skill level 5 in Necromancy
  2292 | D:3      | Found a snail-covered altar of Cheibriados.
  2408 | D:3      | Found a shimmering altar of Xom.
  2450 | D:3      | Reached skill level 1 in Fighting
  3431 | D:4      | Reached XP level 5. HP: 27/37 MP: 12/12
  3584 | D:4      | Reached skill level 5 in Spellcasting
  3965 | D:4      | Learned a level 3 spell: Vampiric Draining
  4297 | D:4      | Reached XP level 6. HP: 41/44 MP: 9/13
  5219 | D:4      | Found a basalt altar of Yredelemnul.
  5345 | D:5      | Entered Level 5 of the Dungeon
  7064 | D:5      | Reached skill level 6 in Spellcasting
  7064 | D:5      | Reached XP level 7. HP: 52/52 MP: 11/16
  7966 | D:5      | Found a staircase to the Ecumenical Temple.
  7975 | Temple   | Entered the Ecumenical Temple
  8006 | Temple   | Became a worshipper of Kikubaaqudgha
  8089 | D:6      | Got an ancient quarterstaff
  8090 | D:6      | Identified the +11 quarterstaff "For Icappai" {vamp, rF++
                  | Int+3} (You found it on level 6 of the Dungeon)
  8278 | D:6      | Reached skill level 1 in Staves
  8332 | D:6      | Reached skill level 7 in Spellcasting
  8338 | D:6      | Reached XP level 8. HP: 20/61 MP: 12/18
  8886 | D:6      | Got a steaming dagger
  8887 | D:6      | Identified the +4 dagger "Newtbane" {drain, rF+} (You found
                  | it on level 6 of the Dungeon)
  9454 | D:6      | Noticed Eustachio
  9575 | D:6      | Killed Eustachio
  9575 | D:6      | Reached skill level 5 in Fighting
  9791 | D:7      | Reached * piety under Kikubaaqudgha
  9791 | D:7      | Identified Kikubaaqudgha's Catalogue of Black Secrets
                  | (Kikubaaqudgha gifted it to you on level 7 of the Dungeon)
  9791 | D:7      | Received a gift from Kikubaaqudgha
  9809 | D:7      | Found a snail-covered altar of Cheibriados.
  9971 | D:7      | Reached skill level 8 in Spellcasting
  9998 | D:7      | Learned a level 5 spell: Agony
 10060 | D:7      | Reached XP level 9. HP: 46/69 MP: 21/21
 10492 | D:7      | Noticed Duvessa
 10499 | D:7      | Killed Duvessa
 10640 | D:7      | Noticed Dowan
 10645 | D:7      | Killed Dowan
 11046 | D:7      | Reached skill level 9 in Spellcasting
 11049 | D:7      | Reached ** piety under Kikubaaqudgha
 11235 | D:8      | Identified the cursed +1 leather armour of Hedging {Str+2}
                  | (You found it on level 8 of the Dungeon)
 11998 | D:9      | Reached XP level 10. HP: 53/79 MP: 23/23
 12157 | D:9      | Found Ydampuah's General Store.
 12355 | D:9      | Bought a scroll of enchant armour for 97 gold pieces
 12378 | D:9      | Reached skill level 5 in Staves
 12390 | D:9      | Found Mudourit's General Store.
 12453 | D:9      | Found an opulent altar of Gozag.
 12726 | D:10     | Entered Level 10 of the Dungeon
 13074 | D:10     | Reached skill level 10 in Spellcasting
 13224 | D:10     | Slain by a killer bee

Levels and vault maps discovered:
D:1:      ncdulo_halloftheorcs, layout_basic
D:2:      layout_rooms, okawaru_metal_pillars_1_2, marbit_many_paths,
          first_ration
D:3:      layout_rooms, lemuel_crystal_altar, kennysheep_slug_shrine
D:4:      layout_loops_cross, kennysheep_little_box, mrwooster_statue_mirror
D:5:      layout_loops_ring, temple_hall
D:6:      layout_loops_ring, kennysheep_opposing_triangles, uniq_eustachio
D:7:      layout_loops_corners, kennysheep_mini, the_bakery, uniq_duvessa
D:8:      layout_loops_ring
D:9:      layout_loops_ring, nicolae_gozag_cash_rules_everything_around_me,
          serial_shops, shop_fountains, shop
D:10:     layout_layer_cave, basic_altar
Temple:   lightli_temple_of_artemis

Skill      XL: |  1  2  3  4  5  6  7  8  9 10 |
---------------+-------------------------------+-----
Spellcasting   | 3 4 5 6 7 8 9 10 | 10.1
Necromancy     | 5 6 7 8 9 |  9.2
Fighting       | 1 2 3 4 5 7 |  7.5
Staves         | 1 3 4 5 |  5.2
Dodging        | |  1.5
Stealth        | |  1.5

Action                   |  1- 3 |  4- 6 |  7- 9 | 10-12 || total
-------------------------+-------+-------+-------+-------++-------
Melee: Unarmed           |    13 |       |       |       ||    13
       Dagger            |    47 |   241 |    66 |       ||   354
       Quarterstaff      |       |       |   245 |    62 ||   307
 Cast: Pain              |    22 |    84 |    93 |     2 ||   201
       Vampiric Draining |       |     1 |     4 |     4 ||     9
  Use: Scroll            |     2 |     4 |     4 |     1 ||    11
 Stab: Sleeping          |     1 |       |     3 |       ||     4
       Distracted        |       |       |     1 |       ||     1
Armor: Robe              |    12 |    31 |    64 |    29 ||   136
Dodge: Dodged            |    38 |   154 |   175 |    69 ||   436

Table legend:
 A = Non-vault XP
 B = Vault XP
 C = Vault XP percentage of total XP
 D = Non-vault monster count
 E = Vault monster count
 F = Vault count percentage of total count
                 A         B        C        D         E       F
            +---------+---------+-------+---------+---------+-------
      Total |    6649 |     547 |   7.6 |     173 |       8 |   4.4
            +---------+---------+-------+---------+---------+-------
        D:1 |      20 |       0 |   0.0 |       7 |       0 |   0.0
        D:2 |      89 |       1 |   1.1 |      16 |       1 |   5.9
        D:3 |      74 |       4 |   5.1 |      16 |       1 |   5.9
        D:4 |     312 |       0 |   0.0 |      12 |       0 |   0.0
        D:5 |     551 |       0 |   0.0 |      24 |       0 |   0.0
        D:6 |     768 |     314 |  29.0 |      21 |       4 |  16.0
        D:7 |    1548 |     228 |  12.8 |      33 |       2 |   5.7
        D:8 |     713 |       0 |   0.0 |      11 |       0 |   0.0
        D:9 |    2051 |       0 |   0.0 |      26 |       0 |   0.0
       D:10 |     523 |       0 |   0.0 |       7 |       0 |   0.0
            +---------+---------+-------+---------+---------+-------
